 Dungeon Crawl Stone Soup version 0.31.0-1-g2c135a0 (webtiles) character file.

Game seed: 12158002622276989662

8 jagoly the Trooper (level 2, -2/19 HPs)
             Began as a Gargoyle Monk on Feb 2, 2024.
             Slain by Terence
             ... wielding a +0 hand axe
              (5 damage)
             ... on level 2 of the Dungeon.
             The game lasted 00:01:43 (267 turns).

jagoly the Trooper (Gargoyle Monk)                   Turns: 267, Time: 00:01:43

Health: -2/19      AC:  4    Str: 14    XL:     2   Next: 8%
Magic:  0/2        EV: 12    Int: 10    God:
Gold:   57         SH:  0    Dex: 12    Spells: 1/1 levels left

rFire   . . .        a - +0 hand axe
rCold   . . .        d - orb {light}
rNeg    + . .        b - +0 robe
rPois   ∞            (no helmet)
rElec   +            (no cloak)
rCorr   .            (no gloves)
SInv    .            (no boots)
Will    .....        i - amulet of guardian spirit
Stlth   +            (no ring)
HPRegen 0.23/turn    (no ring)
MPRegen 0.08/turn

%: guardian spirit
@: glowing
A: sickness immunity, AC +2, negative energy resistance 1, electricity
resistance, torment resistance 1, petrification resistance
a: no special abilities


You were on level 2 of the Dungeon.
You visited 1 branch of the dungeon, and saw 3 of its levels.

You collected 57 gold pieces.

Inventory:

Hand Weapons
 a - a +0 hand axe (weapon)
 h - a +0 sling
Armour
 b - a +0 robe (worn)
 d - an orb of light (worn)
Jewellery
 i - an amulet of guardian spirit (around neck)
Scrolls
 f - a scroll of torment {unknown}
 g - a scroll of identify {unknown}
 j - a scroll of enchant armour {unknown}
Potions
 c - a potion of ambrosia
 e - 2 potions of might {unknown}
 k - a potion of enlightenment {unknown}


   Skills:
 + Level 3.4 Fighting
 * Level 2.9 Axes
 + Level 0.5 Armour
 + Level 2.5 Dodging


You had one spell level left.
You didn't know any spells.
Your spell library was empty.

Dungeon Overview and Level Annotations

Branches:
Dungeon (3/15) Zot: 17725

Altars:

Annotations:
D:2 Terence


Innate Abilities, Weirdness & Mutations

You are immune to sickness and miasma.
Your stone body is resilient. (AC +2)
You are immune to poison.
You resist negative energy. (rN+)
You are resistant to electric shocks. (rElec)
You are resistant to unholy torment.
You are immune to petrification.


Message History

Welcome, jagoly the Gargoyle Monk.
The heart of this dungeon contains the glorious artefact, the Orb of Zot.
Press ? for a list of commands and other information.
Found 5 gold pieces.
Found a staircase leading out of the dungeon.
Found 3 atropa-tipped darts and 12 gold pieces.
You now have 5 gold pieces.
Press: ? - help, v - describe, . - travel, g - get item Item here: 3 atropa-tipped darts.
The floor.
This square is lit by a halo.
You now have 17 gold pieces (gained 12).
A bat comes into view.
The bat closely misses you. x2
You hit the bat but do no damage. The bat misses you.
The bat barely misses you.
You barely miss the bat. The bat misses you.
The bat hits you but does no damage.
You hit the bat.
You kill the bat!
No target in view!
You see here a bat corpse.
A bat comes into view.
Found a stone staircase leading down.
The bat moves out of view.
Found 8 gold pieces.
The bat hits you but does no damage. x2
The bat hits you but does no damage. The bat closely misses you.
The bat barely misses you. The bat misses you.
You hit the bat but do no damage. The bat barely misses you.
You barely miss the bat. The bat completely misses you.
The bat closely misses you.
You hit the bat.
The bat is severely wounded.
The bat closely misses you.
You hit the bat.
You kill the bat!
You now have 25 gold pieces (gained 8).
A giant cockroach comes into view.
A giant cockroach is nearby!
The giant cockroach barely misses you.
You hit the giant cockroach but do no damage.
The giant cockroach closely misses you. The giant cockroach barely misses you.
You hit the giant cockroach.
The giant cockroach is severely wounded.
The giant cockroach bites you but does no damage.
You hit the giant cockroach.
The giant cockroach is almost dead.
The giant cockroach waves its antennae.
The giant cockroach bites you but does no damage.
The giant cockroach closely misses you.
You hit the giant cockroach.
You kill the giant cockroach!
No target in view!
Found 2 pink potions.
A dart slug comes into view.
You see here 2 pink potions.
You hit the dart slug.
The dart slug is heavily wounded.
The dart slug barely misses you.
You hit the dart slug.
You kill the dart slug!
No target in view!
e - 2 pink potions
Found a scroll labelled YNAGIY JIMOTE.
f - a scroll labelled YNAGIY JIMOTE
Found a stone staircase leading down.
There is a stone staircase leading down here.
You climb downwards.
There is a stone staircase leading up here.
You climb upwards.
There is a stone staircase leading down here.
Found a scroll labelled QIAFUU COMANA.
Found a sling.
A kobold comes into view. It is wielding a +0 short sword.
The kobold shouts!
Found a thin cameo amulet.
Found 10 gold pieces.
The kobold hits you but does no damage.
You see here a scroll labelled QIAFUU COMANA.
g - a scroll labelled QIAFUU COMANA The kobold hits you but does no damage.
You hit the kobold.
You kill the kobold!
No target in view!
No target in view!
You see here a +0 short sword.
You see here a +0 sling.
h - a +0 sling
i - an amulet of guardian spirit You start putting on your amulet.
You continue putting on your amulet of guardian spirit. x5
You finish putting on your amulet of guardian spirit.
You feel your power drawn to a protective spirit.
i - an amulet of guardian spirit (around neck)
You open the door.
There is an open door here.
You now have 35 gold pieces (gained 10).
Found a scroll labelled MEWIUWN GUSSICWU.
j - a scroll labelled MEWIUWN GUSSICWU
There is a stone staircase leading down here.
You climb downwards.
Found a stone staircase leading down.
There is a stone staircase leading up here.
You climb upwards.
There is a stone staircase leading down here.
You see here a bat corpse.
There is a stone staircase leading down here.
You climb downwards.
There is a stone staircase leading up here.
There is a stone staircase leading down here.
You climb downwards.
Found 7 gold pieces.
There is a stone staircase leading up here.
The bat closely misses you. x2
You see here 7 gold pieces.
You now have 42 gold pieces (gained 7).
The bat hits you but does no damage.
You hit the bat but do no damage. The bat barely misses you.
The bat misses you.
You hit the bat.
You kill the bat!
You have reached level 2!
There is a stone staircase leading up here.
You climb upwards.
There is a stone staircase leading down here.
Found a robe.
An endoplasm comes into view.
Found 15 gold pieces.
The endoplasm quivers.
The endoplasm hits you but does no damage.
You hit the endoplasm.
The endoplasm is heavily wounded.
The endoplasm freezes you.
You are frozen.
The endoplasm hits you.
You hit the endoplasm.
You kill the endoplasm!
No target in view!
Found a brown potion.
You now have 57 gold pieces (gained 15).
k - a brown potion Terence the Incautious comes into view.
He is wielding a +0 hand axe.
Terence shouts!
You hear a loud squeak.
You hear an angry hiss.
Terence is nearby!
You have nothing you can fire or use right now.
You hit Terence.
Terence is lightly wounded.
Terence hits you but does no damage.
You hit Terence but do no damage.
Terence is lightly wounded.
Terence misses you.
You hit Terence.
Terence is moderately wounded.
Terence hits you with a +0 hand axe.
You hit Terence but do no damage.
Terence is moderately wounded.
Terence barely misses you.
You barely miss Terence.
Terence is moderately wounded.
Terence closely misses you. Terence barely misses you.
You hit Terence.
Terence is moderately wounded.
Terence closely misses you.
You barely miss Terence.
Terence is moderately wounded.
Terence hits you with a +0 hand axe.
You hit Terence but do no damage.
Terence is moderately wounded.
Terence hits you with a +0 hand axe!
* * * LOW HITPOINT WARNING * * *
You are too injured to fight recklessly!
You are too injured to fight recklessly!
Cleave: a) +0 hand axe
Press: ? - help, Dir - move target, f - Terence
Aim: Terence, wielding a +0 hand axe and wearing a +0 scale mail (moderately wounded, haloed, about 18% to evade your +0 hand axe)
You barely miss Terence.
Terence is moderately wounded.
Terence hits you with a +0 hand axe.
* * * LOW HITPOINT WARNING * * *
A rat comes into view.
Okay, then.
The rat squeaks loudly.
You hit Terence but do no damage.
Terence is moderately wounded.
Terence closely misses you.
You hit Terence but do no damage.
Terence is moderately wounded.
Terence hits you with a +0 hand axe.
* * * LOW HITPOINT WARNING * * *
You hit Terence but do no damage.
Terence is moderately wounded.
Terence hits you with a +0 hand axe.
You die...
Terence says, "Rest in peace."

#.####### ..#
#.##. # ###
#.#.. .## #.....
..# #....##..
### ##....... .
..# .....r. ..
..# #..#@# ..
..# #..#@##.#
..# #.......#
..# ##.#.####
..##########
#...#
...........#
#.###
...#.......###.#
.#.#..#........#
.#......#..#####
.###..###..#


You could see Terence and a rat.

Vanquished Creatures
  A dart slug (D:1)
  An endoplasm (D:2)
  A giant cockroach (D:1)
  3 bats
  A kobold (D:1)
7 creatures vanquished.

Notes
Turn   | Place    | Note
-------+----------+-------------------------------------------
     0 | D:1      | jagoly the Gargoyle Monk began the quest for the Orb.
     0 | D:1      | Reached XP level 1. HP: 14/14 MP: 1/1
   215 | D:3      | Reached XP level 2. HP: 19/19 MP: 2/2
   252 | D:2      | Noticed Terence
   267 | D:2      | Slain by Terence

Illustrated notes

Levels and vault maps discovered:
D:1:      eino_arrival_cavern_c, layout_basic
D:2:      layout_loops_cross, basic_altar, uniq_terence
D:3:      minmay_chambers_of_twos, layout_loops_ring, grunt_ministairs_7

Action                     || total
---------------------------++-------
  Melee: Hand axe          ||    30
 Armour: Robe              ||    18
  Dodge: Dodged            ||    27
